 Dungeon Crawl Stone Soup version 0.21.1-1-g345015fe64 (webtiles) character file.

16720 Ivernyr the Thrower (level 12, -1/80 HPs)
             Began as a Human Skald on June 5, 2018.
             Was an Elder of Nemelex Xobeh.
             Killed by drain life
             ... invoked by a soul eater
             ... summoned by the player character
              (12 damage)
             ... on level 3 of the Lair of Beasts.
             The game lasted 01:24:51 (20922 turns).

Ivernyr the Thrower (Human Skald)                  Turns: 20922, Time: 01:24:52

Health: -1/80      AC: 19    Str: 12    XL:     12   Next: 73%
Magic:  15/18      EV: 11    Int: 13    God:    Nemelex Xobeh [****..]
Gold:   759        SH:  0    Dex: 18    Spells: 7/15 levels left

rFire    . . .     SeeInvis .   a - +2 morningstar (crush)
rCold    . . .     Gourm    .   (no shield)
rNeg     . . .     Faith    .   c - +0 ring mail of the Empire {MR+}
rPois    .         Spirit   .   v - +0 helmet
rElec    .         Reflect  .   e - +0 cloak
rCorr    .         Harm     .   p - +1 pair of gloves
MR       +....                  D - +0 pair of boots
Stlth    +.........             F - amulet of rage
HPRegen  0.23/turn              H - +4 ring of slaying
MPRegen  0.16/turn              R - +6 ring of protection

@: shrouded
A: screaming 1
a: Triple Draw, Deal Four, Renounce Religion, Evoke Berserk Rage


You were on level 3 of the Lair of Beasts.
You worshipped Nemelex Xobeh.
Nemelex Xobeh was greatly pleased with you.
You were not hungry.

You visited 3 branches of the dungeon, and saw 15 of its levels.
You also visited: Labyrinth.

You collected 759 gold pieces.

Inventory:

Hand Weapons
 a - a +2 morningstar of crushing (weapon)
 g - a +0 blowgun
Missiles
 j - 6 tomahawks of returning (quivered)
 E - 6 tomahawks
 N - 7 curare-tipped needles
 X - 54 poisoned needles
Armour
 c - the +0 ring mail of the Empire (worn) {MR+}
   (You found it on level 4 of the Lair of Beasts)

   It affects your resistance to hostile enchantments.
 e - a +0 cloak (worn)
 p - a +1 pair of gloves (worn)
 v - a +0 helmet (worn)
 D - a +0 pair of boots (worn)
Jewellery
 F - an amulet of rage (around neck)
 H - a +4 ring of slaying (left hand)
 J - an uncursed ring of positive energy
 R - a +6 ring of protection (right hand)
Wands
 f - a wand of clouds (4)
 G - a wand of acid (15)
 P - a wand of scattershot (3)
 T - a wand of iceblast (4)
 U - a wand of flame (18)
Scrolls
 h - 6 scrolls of fog
 k - 2 scrolls of teleportation
 l - 5 scrolls of remove curse
 w - a scroll of enchant weapon
 y - 2 scrolls of amnesia {unknown}
 z - a scroll of blinking {unknown}
 K - 2 scrolls of enchant armour {unknown}
 V - a scroll of holy word {unknown}
 Y - 2 scrolls of magic mapping
 Z - 3 scrolls of fear {unknown}
Potions
 i - a potion of lignification {unknown}
 m - 3 potions of ambrosia
 n - 4 potions of curing
 o - 3 potions of resistance {unknown}
 r - 4 potions of haste
 s - 3 potions of agility {unknown}
 t - 4 potions of brilliance {unknown}
 u - 3 potions of heal wounds {unknown}
 x - a potion of invisibility {unknown}
 B - 2 potions of might {unknown}
 L - a potion of cancellation {unknown}
 S - 3 potions of magic {unknown}
Miscellaneous
 A - a legendary deck of escape
 I - a plain deck of summoning
 M - a legendary deck of summoning
 O - a plain deck of destruction {drawn: 10}
 W - a plain deck of destruction
Comestibles
 d - 23 rations


   Skills:
 + Level 2.8 Fighting
   Level 2.0 Long Blades
 * Level 12.4 Throwing
 + Level 9.1 Armour
 - Level 2.0 Dodging
 - Level 2.0 Spellcasting
 - Level 10.0 Charms
 + Level 8.9 Invocations


You had 7 spell levels left.
You knew the following spells:

 Your Spells              Type           Power        Failure   Level  Hunger
a - Shroud of Golubria    Chrm/Tloc      ##........   10%         2    ###....
b - Song of Slaying       Chrm           ####....     1%          2    ###....
c - Infusion              Chrm           ####         1%          1    ##.....
d - Regeneration          Chrm/Necr      ##........   19%         3    ####...


Dungeon Overview and Level Annotations

Branches:
Dungeon (10/15)            Temple (1/1) D:4            Lair (4/6) D:9
 Shoals (0/4) Lair:3       Spider (0/4) Lair:4
    Orc: D:9-12

Altars:
Ashenzari
Cheibriados
Elyvilon
Fedhas
Makhleb
Nemelex Xobeh
Okawaru
Qazlal
Ru
Trog
Yredelemnul
Zin
The Shining One

Shops:
D:5 }   D:8 [


Innate Abilities, Weirdness & Mutations

You occasionally shout uncontrollably at your foes.


Message History

The soul eater twists and deforms.
The crimson imp evaporates and reforms as a quasit!
The quasit twists and deforms.
The death yak gores your rakshasa!!
Your rakshasa barely misses the death yak.
The death yak gores your rakshasa!!
The injured rakshasa weaves a defensive illusion!
The death yak misses your rakshasa.
Your rakshasa barely misses the death yak.
The quasit barely misses your rakshasa. x2; The quasit misses your rakshasa.
Your rakshasa hits the soul eater but does no damage.
Your rakshasa barely misses the death yak. x2
The soul eater hits your rakshasa.
Your rakshasa misses the soul eater.
Your rakshasa blinks! x2
The soul eater draws from the surrounding life force!
* * * LOW HITPOINT WARNING * * *
Your rakshasa hits the death yak with a trident!
The soul eater draws from the surrounding life force!
You die...
Your body glows with a rainbow of weird colours and disappears.

### ### ### #.## #.###.## .#.#
#..PP..#### ...###
###....P....###
.....###........@....##
.....P##..............#
......###.......5Y...##
......###.......R÷...# #
.......#.........3§..### #
.......##.............P## ###
.......#..........R.....# #####.#
........#............R..###.#....
..#..............................


You could see a death yak, a soul eater, a quasit and 3 friendly rakshasas.

Vanquished Creatures
  2 two-headed ogres
  A swamp dragon (D:8)
  Pikel (D:4)
  A black mamba (Lair:3)
  Joseph (D:9)
  The ghost of crazyass the Stinger, a novice DrVM (D:4)
  2 spiny frogs (Lair:1)
  4 komodo dragons
  A troll (D:9)
  A polar bear (Lair:3)
  A tyrant leech (Lair:3)
  4 hippogriffs
  Sigmund (D:5)
  2 redbacks
  2 wyverns
  5 yaks
  Menkaure (D:5)
  A hell hound (Lair:1)
  2 porcupines
  3 water moccasins (Lair:1)
  2 orc warriors (D:9)
  2 sky beasts
  A black bear (D:9)
  A necrophage (D:9)
  5 wolves (Lair:2)
  2 ogres
  6 centaurs
  8 crocodiles
  2 big kobolds
  9 bullfrogs
  A scorpion (D:7)
  2 killer bees (D:8)
  4 wights (D:7)
  3 howler monkeys
  2 electric eels (Lair:1)
  2 crimson imps (D:5)
  2 bullfrog skeletons
  2 centaur zombies
  4 hounds
  6 jellies
  5 orc priests
  5 centaur skeletons
  Jessica (D:3)
  An iguana (D:5)
  5 orc wizards
  3 worker ants
  A hound skeleton (D:5)
  A worker ant zombie (D:6)
  Robin (D:3)
  7 adders
  2 shadow imps
  7 oozes
  2 adder zombies
  2 adder skeletons
  2 worms (D:3)
  A dart slug (D:1)
  5 leopard geckos
  22 orcs
  3 bats
  4 giant cockroaches
  14 goblins
  9 hobgoblins
  3 jackals (D:2)
  4 quokkas
  8 frilled lizards
  15 kobolds
  3 rats
239 creatures vanquished.

Vanquished Creatures (collateral kills)
  A minotaur (Lab)
  Erolcha (D:9)
  2 two-headed ogres
  2 death yaks (Lair:3)
  Sonja (Lair:2)
  A black mamba (Lair:3)
  A spiny frog (Lair:2)
  A komodo dragon (Lair:2)
  2 yaks (Lair:3)
  A wyvern (Lair:3)
  A hell hound (Lair:1)
  A porcupine (Lair:2)
  A scorpion (D:9)
  2 howler monkeys (D:8)
  A bullfrog zombie (D:8)
  A hound (D:9)
  An adder (D:9)
  3 orcs (D:9)
  A fungus (Lair:2)
25 creatures vanquished.

Vanquished Creatures (others)
  A scorpion (D:4)
  A bullfrog skeleton (D:4)
  An adder (D:4)
  A plant (Lair:1)
4 creatures vanquished.

Grand Total: 268 creatures vanquished

Notes
Turn   | Place    | Note
-------+----------+-------------------------------------------
     0 | D:1      | Ivernyr the Human Skald began the quest for the Orb.
     0 | D:1      | Reached XP level 1. HP: 16/16 MP: 3/3
   293 | D:1      | Reached XP level 2. HP: 21/22 MP: 5/5
   314 | D:1      | Learned a level 2 spell: Song of Slaying
   317 | D:1      | Learned a level 2 spell: Shroud of Golubria
   347 | D:1      | Reached skill level 1 in Throwing
   601 | D:1      | Reached XP level 3. HP: 15/27 MP: 6/6
  1041 | D:2      | Found an iron altar of Okawaru.
  1459 | D:2      | Found a snail-covered altar of Cheibriados.
  1766 | D:2      | Reached skill level 2 in Throwing
  1766 | D:2      | Reached XP level 4. HP: 23/33 MP: 1/7
  1977 | D:2      | Noticed a bullfrog
  1991 | D:2      | Killed a bullfrog
  1991 | D:2      | Reached XP level 5. HP: 18/38 MP: 0/8
  3078 | D:3      | Noticed Jessica
  3089 | D:3      | Killed Jessica
  3089 | D:3      | Reached skill level 3 in Throwing
  3210 | D:3      | Noticed Robin
  3249 | D:3      | Killed Robin
  3257 | D:3      | Reached XP level 6. HP: 24/44 MP: 7/9
  3645 | D:4      | Noticed a slave
  3646 | D:4      | Noticed a slave
  3647 | D:4      | Noticed Pikel
  3647 | D:4      | Noticed a slave
  3648 | D:4      | Noticed a slave
  3719 | D:4      | Killed Pikel
  3719 | D:4      | Reached skill level 4 in Throwing
  3719 | D:4      | Reached skill level 5 in Charms
  3719 | D:4      | Reached XP level 7. HP: 6/50 MP: 6/10
  4160 | D:4      | Reached skill level 5 in Throwing
  4160 | D:4      | Reached XP level 8. HP: 45/56 MP: 11/11
  4344 | D:4      | Found a staircase to the Ecumenical Temple.
  4353 | Temple   | Entered the Ecumenical Temple
  4416 | Temple   | Became a worshipper of Nemelex Xobeh the Trickster
  4451 | D:4      | Noticed crazyass's ghost (novice DrVM)
  4561 | D:4      | Received a gift from Nemelex Xobeh
  4659 | D:4      | Found a stormy altar of Qazlal.
  5031 | D:4      | Killed crazyass's ghost
  5031 | D:4      | Reached skill level 1 in Invocations
  5126 | D:5      | Entered Level 5 of the Dungeon
  5492 | D:5      | Noticed Sigmund
  5607 | D:5      | Killed Sigmund
  5607 | D:5      | Reached skill level 6 in Throwing
  5932 | D:5      | Found Uscheise's Gadget Boutique.
  5933 | D:5      | Noticed Menkaure
  5952 | D:5      | Killed Menkaure
  5952 | D:5      | Reached XP level 9. HP: 30/61 MP: 10/12
  6379 | D:5      | Received a gift from Nemelex Xobeh
  6484 | D:5      | Reached * piety under Nemelex Xobeh
  6649 | D:5      | Reached skill level 7 in Throwing
  6649 | D:5      | Reached skill level 5 in Armour
  6849 | D:5      | Found a burning altar of Makhleb.
  7765 | D:6      | Found a sacrificial altar of Ru.
  7847 | D:6      | Found a shattered altar of Ashenzari.
  7951 | D:6      | Found a bloodstained altar of Trog.
  8554 | D:7      | Found a blossoming altar of Fedhas.
  8731 | D:7      | Reached skill level 8 in Throwing
  8825 | D:7      | Reached XP level 10. HP: 29/67 MP: 8/13
  9221 | D:8      | Noticed a two-headed ogre
  9520 | D:8      | Learned a level 3 spell: Regeneration
  9625 | D:8      | Reached ** piety under Nemelex Xobeh
  9767 | D:8      | Noticed a two-headed ogre
  9790 | D:8      | Killed a two-headed ogre
  9790 | D:8      | Reached skill level 5 in Invocations
  9834 | D:8      | Found a glowing silver altar of Zin.
  9870 | D:8      | Received a gift from Nemelex Xobeh
  9941 | D:8      | Found Eger's Armour Shoppe.
 10132 | D:8      | Reached skill level 9 in Throwing
 10222 | D:8      | Noticed a swamp dragon
 10222 | D:8      | a two-headed ogre changed into a swamp dragon
 10234 | D:8      | Killed a swamp dragon
 10722 | D:9      | Noticed a two-headed ogre
 10751 | D:8      | Killed a two-headed ogre
 10952 | D:9      | Noticed a two-headed ogre
 10961 | D:9      | Killed a two-headed ogre
 10965 | D:9      | Reached XP level 11. HP: 63/72 MP: 15/15
 11224 | D:9      | Found a glowing golden altar of the Shining One.
 11244 | D:9      | Reached skill level 10 in Throwing
 11554 | D:9      | Found a staircase to the Lair.
 11589 | D:9      | Noticed a two-headed ogre
 11597 | D:9      | Killed a two-headed ogre
 11743 | D:9      | Received a gift from Nemelex Xobeh
 11821 | D:9      | Noticed Joseph
 11833 | D:9      | Killed Joseph
 11941 | D:9      | Noticed Erolcha
 11945 | D:9      | Killed Erolcha
 12162 | D:9      | Reached *** piety under Nemelex Xobeh
 12376 | D:10     | Entered Level 10 of the Dungeon
 12390 | Lair:1   | Entered Level 1 of the Lair of Beasts
 12718 | Lair:1   | Found a labyrinth entrance.
 12727 | Lab      | Entered a labyrinth
 12996 | Lab      | Noticed a minotaur
 13004 | Lab      | Killed a minotaur
 13004 | Lab      | Reached skill level 11 in Throwing
 14326 | Lair:1   | Received a gift from Nemelex Xobeh
 14666 | Lair:1   | Reached XP level 12. HP: 40/78 MP: 15/17
 15159 | Lair:2   | Reached **** piety under Nemelex Xobeh
 15574 | Lair:2   | Received a gift from Nemelex Xobeh
 15775 | Lair:2   | Noticed Sonja
 15786 | Lair:2   | Killed Sonja
 17443 | Lair:3   | Received a gift from Nemelex Xobeh
 17859 | Lair:3   | Found a staircase to the Shoals.
 17894 | Lair:3   | Noticed a six-headed hydra
 17896 | Lair:3   | a six-headed hydra changed into a tyrant leech
 18142 | Lair:3   | Reached skill level 12 in Throwing
 18387 | Lair:3   | Reached skill level 10 in Charms
 18395 | Lair:3   | Gained mutation: You occasionally shout uncontrollably at your foes. [a neqoxec]
 19202 | Lair:4   | Noticed a death yak
 19203 | Lair:4   | Noticed a death yak
 19207 | Lair:4   | Noticed a death yak
 19247 | Lair:3   | HP: 3/78 [death yak (21)]
 19248 | Lair:3   | Killed a death yak
 20506 | Lair:4   | Found a hole to the Spider Nest.
 20507 | Lair:4   | Got a faintly humming ring mail
 20532 | Lair:3   | Identified the +0 ring mail of the Empire {MR+} (You found it on level 4 of the Lair of Beasts)
 20622 | Lair:3   | Killed a death yak
 20917 | Lair:3   | Noticed a soul eater
 20917 | Lair:3   | a neqoxec changed into a soul eater
 20922 | Lair:3   | Killed from afar by a soul eater

Skill      XL: |  1  2  3  4  5  6  7  8  9 10 11 12 |
---------------+-------------------------------------+-----
Throwing       | 1 2 3 4 5 6 8 9 11 12 | 12.4
Armour         | 2 3 4 5 7 8 9 |  9.1
Charms         | 4 5 6 7 8 9 10 | 10.0
Invocations    | 2 4 6 7 8 |  8.9
Fighting       | |  2.8
Long Blades    | |  2.0
Dodging        | |  2.0
Spellcasting   | |  2.0

Action                   |  1- 3 |  4- 6 |  7- 9 | 10-12 || total
-------------------------+-------+-------+-------+-------++-------
Melee: Falchion          |   102 |   158 |       |       ||   260
       Long sword        |       |       |   474 |    32 ||   506
       Great sword       |       |       |       |   185 ||   185
       Morningstar       |       |       |       |   283 ||   283
 Fire: Blowgun           |       |       |       |     2 ||     2
Throw: Tomahawk          |       |       |     3 |    40 ||    43
 Cast: Shroud of Golubri |     3 |    17 |    36 |    77 ||   133
       Song of Slaying   |       |     1 |     3 |     2 ||     6
Evoke: Deck              |       |       |     1 |    25 ||    26
       Wand              |       |       |       |     1 ||     1
  Use: Scroll            |       |       |     5 |     9 ||    14
       Potion            |       |       |       |     3 ||     3
 Stab: Sleeping          |       |     1 |       |       ||     1
  Eat: Chunk             |     9 |     3 |    19 |    30 ||    61
       Ration            |       |       |     1 |     5 ||     6
Armor: Leather armour    |    45 |    46 |    63 |       ||   154
       Ring mail         |       |       |   227 |   117 ||   344
       Scale mail        |       |       |       |   336 ||   336
Dodge: Dodged            |    91 |   104 |   325 |   432 ||   952
       Rpst.: Falchion   |    29 |    34 |       |       ||    63
       Long sword        |       |       |   119 |     9 ||   128
       Great sword       |       |       |       |    39 ||    39
